Senators vs MapleLeafs

Created - 26 décembre 2020 at 22:22

Goals
1 2 3 T
Senators 1 1 1 3
MapleLeafs 2 0 0 2
Shots
1 2 3 T
Senators 11 16 9 36
MapleLeafs 12 7 15 34

1st period

1. MapleLeafs , Jay Beagle 5 (Kyle Okposo 2, Ondrej Palat 8) at 2:57
2. MapleLeafs , Kyle Okposo 7 (Jay Beagle 11, Mike Matheson 9) at 5:22 (PP)
3. Senators , Alexander Wennberg 5 (Eric Staal 9) at 6:32

Penalties :
Derek Ryan (OTT) for Slashing (Minor) at 3:57, Dustin Brown (TOR) for Hooking (Minor) at 8:58, Mark Stone (OTT) for Hooking (Minor) at 13:13

2nd period

4. Senators , Derek Ryan 2 (Jason Spezza 4) at 15:45

Penalties :
Jay Beagle (TOR) for Hooking (Minor) at 3:28, Kyle Okposo (TOR) for Cross-checking (Minor) at 5:56, Kyle Okposo (TOR) for Hooking (Minor) at 9:46, Ondrej Palat (TOR) for Tripping (Minor) at 13:31, Ondrej Palat (TOR) for Hooking (Minor) at 17:35

3rd period

5. Senators , Vladislav Namestnikov 8 (Vladimir Tarasenko 9, Valtteri Filppula 7) at 18:46

Penalties :
Joel Edmundson (TOR) for Interference (Minor) at 9:07, Dustin Brown (TOR) for Hooking (Minor) at 15:34, Justin Falk (OTT) for Roughing (Minor) at 15:34

Goalie Stats

Anton Khudobin (OTT), 32 saves from 34 shots - (0,941), W, 2-8-2, 60:00 minutes
Braden Holtby (TOR), 33 saves from 36 shots - (0,917), L, 8-4-4, 59:00 minutes

Players Stats for Senators

Player Name              G  A  P  +/- PIM S  H  SB GA TA FO     MP     PP MP  PK MP  
------------------------------------------------------------------------------------
Alex Galchenyuk          0  0  0   0  0   0  0  0  0  0  6/10    7:20   0:00   1:11 
Alexander Wennberg       1  0  1   1  0   3  1  0  0  0  1/2    22:53   7:48   0:41 
Chris Wagner             0  0  0   0  0   1  0  0  0  0  0/0     6:09   0:00   0:00 
Cody Goloubef            0  0  0   1  0   0  1  0  0  0  0/0    12:09   0:00   0:00 
Derek Ryan               1  0  1   1  2   2  0  0  0  0  1/2     9:58   0:00   1:12 
Eric Staal               0  1  1   1  0   4  3  0  0  0  20/40  24:28   7:48   1:55 
Jakob Chychrun           0  0  0   0  0   2  3  1  0  0  0/0    27:13   7:38   2:08 
James Neal               0  0  0   1  0   0  1  0  0  0  0/0     9:21   0:00   0:00 
Jani Hakanpaa            0  0  0   1  0   0  3  0  0  0  0/0    12:14   0:13   0:00 
Jason Spezza             0  1  1   1  0   2  1  0  0  0  7/12    9:55   0:13   0:03 
Justin Falk              0  0  0   1  2   0  0  1  0  0  0/0    19:48   6:02   1:16 
Mark Stone               0  0  0   1  2   2  2  0  0  0  0/0    23:50   7:48   1:00 
Mike Green               0  0  0   0  0   2  0  2  0  0  0/0    27:13   7:38   2:08 
Paul Byron               0  0  0   0  0   1  0  0  0  0  0/1     6:14   0:00   0:05 
Robert Hagg              0  0  0   1  0   2  1  1  0  0  0/0    21:22   6:15   1:16 
Valtteri Filppula        0  1  1   0  0   4  1  0  0  0  12/22  17:52   6:05   0:00 
Vladimir Tarasenko       0  1  1   0  0   2  0  0  0  0  1/3    18:56   6:05   0:41 
Vladislav Namestnikov    1  0  1   0  0   9  2  0  0  0  0/1    17:39   5:52   0:00 

Players Stats for MapleLeafs

Player Name              G  A  P  +/- PIM S  H  SB GA TA FO     MP     PP MP  PK MP  
------------------------------------------------------------------------------------
Anton Stralman           0  0  0  -2  0   0  3  1  0  0  0/0    23:21   2:17   7:21 
Cody Ceci                0  0  0  -2  0   0  1  1  0  0  0/0    25:19   2:17   7:21 
Derrick Pouliot          0  0  0   0  0   1  0  0  0  0  0/0     2:07   0:00   0:09 
Dustin Brown             0  0  0  -2  4   1  2  1  0  0  3/4    18:09   1:57   4:09 
Jack Hughes              0  0  0   0  0   0  0  0  0  0  0/0    13:13   0:00   1:17 
Jay Beagle               1  1  2   0  2   3  1  1  0  0  12/23  20:49   1:27   4:52 
Jesper Bratt             0  0  0   0  0   5  0  0  0  0  1/4    16:39   0:00   4:43 
Joel Edmundson           0  0  0   1  2   1  2  2  0  0  0/0    20:43   1:07   5:32 
Kyle Okposo              1  1  2   0  4   4  1  0  0  0  1/1    15:23   1:27   0:00 
Leo Komarov              0  0  0   0  0   0  0  0  0  0  1/3     2:45   0:00   0:00 
Mike Matheson            0  1  1   1  0   2  1  1  0  0  0/0    21:35   1:07   6:23 
Ondrej Palat             0  1  1   0  4   3  1  0  0  0  1/4    16:49   1:27   0:00 
Radko Gudas              0  0  0  -1  0   0  6  0  0  0  0/0    13:57   0:00   1:00 
Roope Hintz              0  0  0   0  0   0  3  0  0  0  8/11   11:56   0:00   0:00 
Ryan Murray              0  0  0  -1  0   0  1  0  0  0  0/0    12:57   0:00   0:00 
Samuel Blais             0  0  0   0  0   0  0  0  0  0  1/1     2:45   0:00   0:00 
Sebastian Aho            0  0  0  -2  0   7  0  0  0  0  16/40  25:50   1:57   7:37 
Tyler Johnson            0  0  0  -2  0   7  0  0  0  0  1/2    19:43   1:57   5:08 

3 Stars

1 - Alexander Wennberg (OTT)
2 - Anton Khudobin (OTT)
3 - Vladislav Namestnikov (OTT)

Power Play

Senators - 0 on 7 Attempt(s) - 0,00%
MapleLeafs - 1 on 2 Attempt(s) - 50,00%

Penalty Kill

Senators - 1 on 2 Attempt(s) - 50,00% - Score 0 goal in Penalty Kill
MapleLeafs - 7 on 7 Attempt(s) - 100,00% - Score 0 goal in Penalty Kill

Team Stat

Senators - Hits : 19 - Faceoff Wins : 48 - Blocked Shots : 5 - Penalty Minutes : 6
MapleLeafs - Hits : 22 - Faceoff Wins : 45 - Blocked Shots : 7 - Penalty Minutes : 16

Official

Referees : Jake Brenk and Brian Pochmara
Linesman : Brent Colby and Steven Walsh

Game Notes

No Game Note

Finance

Level 1 -- Attendance: 5669 (87,22%) -- Ticket Income 691 618 $
Level 2 -- Attendance: 3160 (63,20%) -- Ticket Income 379 200 $
Level 3 -- Attendance: 2376 (67,89%) -- Ticket Income 190 080 $
Level 4 -- Attendance: 1824 (64,70%) -- Ticket Income 109 440 $
Luxury Box -- Attendance: 998 (99,80%) -- Ticket Income 239 520 $
Game was played at the Air Canada Center.
Total Attendance: 14027 (74,54%)
Total Ticket Income: 1 609 858 $
Other Income: 788 830 $
Total Income: 2 398 688 $

% Time on Ice - Senators

Lines # - Real PCT - Wanted PCT - Time Play
Normal Forward
1 - 33% - 40% - 13:24
2 - 29% - 30% - 11:47
3 - 22% - 20% - 8:47
4 - 15% - 10% - 6:09
Normal Defense
1 - 39% - 40% - 15:31
2 - 31% - 30% - 12:31
3 - 28% - 20% - 11:25
4 - 2% - 10% - 0:40
PP Forward
1 - 56% - 60% - 7:48
2 - 44% - 40% - 6:05
PP Defense
1 - 55% - 60% - 7:38
2 - 45% - 40% - 6:15
PK Forward
1 - 80% - 60% - 2:43
2 - 20% - 40% - 0:41
PK Defense
1 - 63% - 60% - 2:08
2 - 37% - 40% - 1:16
PK3 Forward
1 - 0% - 60%
2 - 0% - 40%
PK3 Defense
1 - 0% - 60%
2 - 0% - 40%
44 Forward
1 - 81% - 60% - 1:36
2 - 19% - 40% - 0:23
44 Defense
1 - 33% - 60% - 0:39
2 - 67% - 40% - 1:20
Last Minute Offensive  - 0:00
Last Minute Defensive  - 0:37
Total
Forward - 60:00
Defense - 60:00

% Time on Ice - MapleLeafs

Lines # - Real PCT - Wanted PCT - Time Play
Normal Forward
1 - 29% - 40% - 11:28
2 - 35% - 30% - 13:58
3 - 30% - 20% - 11:56
4 - 7% - 10% - 2:45
Normal Defense
1 - 31% - 40% - 12:16
2 - 32% - 30% - 12:56
3 - 32% - 20% - 12:57
4 - 5% - 10% - 1:58
PP Forward
1 - 57% - 60% - 1:57
2 - 43% - 40% - 1:27
PP Defense
1 - 67% - 60% - 2:17
2 - 33% - 40% - 1:07
PK Forward
1 - 63% - 60% - 8:45
2 - 37% - 40% - 5:08
PK Defense
1 - 54% - 60% - 7:30
2 - 46% - 40% - 6:23
PK3 Forward
1 - 0% - 60%
2 - 0% - 40%
PK3 Defense
1 - 0% - 60%
2 - 0% - 40%
44 Forward
1 - 72% - 60% - 1:26
2 - 28% - 40% - 0:33
44 Defense
1 - 42% - 60% - 0:50
2 - 58% - 40% - 1:09
Last Minute Offensive  - 0:37
Last Minute Defensive  - 0:00
Total
Forward - 60:00
Defense - 60:00

Play-by-Play

1st period


0:01 of 1st period - Eric Staal wins face-off versus Sebastian Aho in neutral zone.
0:47 of 1st period - Icing by Mike Green.
0:48 of 1st period - Eric Staal wins face-off versus Jay Beagle in Senators zone.
1:06 of 1st period - Icing by Joel Edmundson.
1:07 of 1st period - Jason Spezza wins face-off versus Jay Beagle in MapleLeafs zone.
1:08 of 1st period - Shot by Derek Ryan.
1:08 of 1st period - Stopped by Braden Holtby without a rebound.
1:09 of 1st period - Roope Hintz wins face-off versus Jason Spezza in MapleLeafs zone.
1:09 of 1st period - Roope Hintz is hit by Jason Spezza.
1:27 of 1st period - Derek Ryan is hit by Radko Gudas and loses puck.
1:36 of 1st period - Shot by Jason Spezza.
1:36 of 1st period - Stopped by Braden Holtby without a rebound.
1:37 of 1st period - Valtteri Filppula wins face-off versus Leo Komarov in MapleLeafs zone.
1:46 of 1st period - Shot by Sebastian Aho.
1:46 of 1st period - Stopped by Anton Khudobin without a rebound.
1:47 of 1st period - Jay Beagle wins face-off versus Alex Galchenyuk in Senators zone.
1:55 of 1st period - Icing by Mike Green.
1:56 of 1st period - Samuel Blais wins face-off versus Alex Galchenyuk in Senators zone.
2:26 of 1st period - Shot by Derrick Pouliot.
2:26 of 1st period - Stopped by Anton Khudobin without a rebound.
2:27 of 1st period - Valtteri Filppula wins face-off versus Jay Beagle in Senators zone.
2:29 of 1st period - Icing by Vladimir Tarasenko.
2:30 of 1st period - Valtteri Filppula wins face-off versus Jay Beagle in Senators zone.
2:30 of 1st period - Valtteri Filppula is hit by Ondrej Palat.
2:48 of 1st period - Shot by Ondrej Palat.
2:48 of 1st period - Stopped by Anton Khudobin with a rebound.
2:57 of 1st period - Shot by Jay Beagle.
2:57 of 1st period - Goal by Jay Beagle - Senators : 0 - MapleLeafs : 1.
2:58 of 1st period - Sebastian Aho wins face-off versus Eric Staal in neutral zone.
2:58 of 1st period - Cody Ceci is hit by Eric Staal.
3:10 of 1st period - Shot by Dustin Brown.
3:10 of 1st period - Deflect By Tyler Johnson.
3:10 of 1st period - Stopped by Anton Khudobin without a rebound.
3:11 of 1st period - Roope Hintz wins face-off versus Jason Spezza in Senators zone.
3:18 of 1st period - Shot by Jesper Bratt.
3:18 of 1st period - Shot Misses the Net.
3:32 of 1st period - Ryan Murray is hit by James Neal and loses puck.
3:38 of 1st period - James Neal is hit by Radko Gudas and loses puck.
3:50 of 1st period - Ryan Murray is hit by Cody Goloubef and loses puck.
3:57 of 1st period - Minor Penalty to Derek Ryan for Slashing.
3:58 of 1st period - Eric Staal wins face-off versus Sebastian Aho in Senators zone.
3:58 of 1st period - Eric Staal is hit by Dustin Brown.
4:19 of 1st period - Icing by Cody Ceci.
4:20 of 1st period - Eric Staal wins face-off versus Sebastian Aho in MapleLeafs zone.
4:20 of 1st period - Mark Stone is hit by Cody Ceci and loses puck.
5:00 of 1st period - Shot by Mike Matheson.
5:00 of 1st period - Stopped by Anton Khudobin without a rebound.
5:01 of 1st period - Jay Beagle wins face-off versus Eric Staal in Senators zone.
5:18 of 1st period - Shot by Mike Matheson.
5:18 of 1st period - Shot Blocked by Mike Green.
5:22 of 1st period - Shot by Kyle Okposo.
5:22 of 1st period - Goal by Kyle Okposo - Senators : 0 - MapleLeafs : 2.
5:23 of 1st period - Valtteri Filppula wins face-off versus Jesper Bratt in neutral zone.
5:41 of 1st period - Shot by Vladislav Namestnikov.
5:41 of 1st period - Stopped by Braden Holtby without a rebound.
5:42 of 1st period - Alex Galchenyuk wins face-off versus Sebastian Aho in MapleLeafs zone.
5:42 of 1st period - Jakob Chychrun is hit by Anton Stralman and loses puck.
6:05 of 1st period - Shot by Chris Wagner.
6:05 of 1st period - Shot Blocked by Cody Ceci.
6:07 of 1st period - Shot by Alex Galchenyuk.
6:07 of 1st period - Deflect By Chris Wagner.
6:07 of 1st period - Shot Blocked by Anton Stralman.
6:19 of 1st period - Paul Byron is hit by Anton Stralman and loses puck.
6:32 of 1st period - Shot by Alexander Wennberg.
6:32 of 1st period - Goal by Alexander Wennberg - Senators : 1 - MapleLeafs : 2.
6:33 of 1st period - Jay Beagle wins face-off versus Eric Staal in neutral zone.
6:39 of 1st period - Icing by Robert Hagg.
6:40 of 1st period - Jay Beagle wins face-off versus Eric Staal in Senators zone.
7:29 of 1st period - Kyle Okposo is hit by Vladislav Namestnikov and loses puck.
8:09 of 1st period - Jesper Bratt is hit by Jakob Chychrun and loses puck.
8:25 of 1st period - Vladimir Tarasenko is hit by Anton Stralman and loses puck.
8:29 of 1st period - Icing by Anton Stralman.
8:30 of 1st period - Jason Spezza wins face-off versus Sebastian Aho in MapleLeafs zone.
8:58 of 1st period - Minor Penalty to Dustin Brown for Hooking.
8:59 of 1st period - Sebastian Aho wins face-off versus Eric Staal in MapleLeafs zone.
9:14 of 1st period - Shot by Alexander Wennberg.
9:14 of 1st period - Stopped by Braden Holtby with a rebound.
9:20 of 1st period - Shot by Eric Staal.
9:20 of 1st period - Stopped by Braden Holtby without a rebound.
9:21 of 1st period - Sebastian Aho wins face-off versus Eric Staal in MapleLeafs zone.
9:30 of 1st period - Shot by Jakob Chychrun.
9:30 of 1st period - Stopped by Braden Holtby without a rebound.
9:31 of 1st period - Sebastian Aho wins face-off versus Valtteri Filppula in MapleLeafs zone.
10:02 of 1st period - Shot by Robert Hagg.
10:02 of 1st period - Deflect By Vladislav Namestnikov.
10:02 of 1st period - Stopped by Braden Holtby without a rebound.
10:03 of 1st period - Jesper Bratt wins face-off versus Eric Staal in MapleLeafs zone.
12:00 of 1st period - Shot by Robert Hagg.
12:00 of 1st period - Stopped by Braden Holtby without a rebound.
12:01 of 1st period - Valtteri Filppula wins face-off versus Roope Hintz in MapleLeafs zone.
12:24 of 1st period - Icing by Joel Edmundson.
12:25 of 1st period - Roope Hintz wins face-off versus Eric Staal in MapleLeafs zone.
12:55 of 1st period - Mike Matheson is hit by Robert Hagg and loses puck.
13:13 of 1st period - Minor Penalty to Mark Stone for Hooking.
13:14 of 1st period - Derek Ryan wins face-off versus Sebastian Aho in Senators zone.
13:38 of 1st period - Shot by Sebastian Aho.
13:38 of 1st period - Stopped by Anton Khudobin without a rebound.
13:39 of 1st period - Kyle Okposo wins face-off versus Derek Ryan in Senators zone.
14:24 of 1st period - Icing by Sebastian Aho.
14:25 of 1st period - Sebastian Aho wins face-off versus Eric Staal in MapleLeafs zone.
14:36 of 1st period - Shot by Mike Matheson.
14:36 of 1st period - Shot Misses the Net.
14:44 of 1st period - Shot by Dustin Brown.
14:44 of 1st period - Shot Blocked by Jakob Chychrun.
14:46 of 1st period - Shot by Sebastian Aho.
14:46 of 1st period - Deflect By Dustin Brown.
14:46 of 1st period - Shot Misses the Net.
14:48 of 1st period - Shot by Tyler Johnson.
14:48 of 1st period - Stopped by Anton Khudobin with a rebound.
14:50 of 1st period - Shot by Sebastian Aho.
14:50 of 1st period - Stopped by Anton Khudobin without a rebound.
14:51 of 1st period - Jay Beagle wins face-off versus Vladimir Tarasenko in Senators zone.
15:09 of 1st period - Icing by Cody Ceci.
15:10 of 1st period - Jay Beagle wins face-off versus Eric Staal in MapleLeafs zone.
15:10 of 1st period - Jay Beagle is hit by Eric Staal.
15:47 of 1st period - Vladimir Tarasenko is hit by Roope Hintz and loses puck.
16:18 of 1st period - Shot by Jason Spezza.
16:18 of 1st period - Stopped by Braden Holtby without a rebound.
16:19 of 1st period - Eric Staal wins face-off versus Jay Beagle in MapleLeafs zone.
16:20 of 1st period - Shot by Mark Stone.
16:20 of 1st period - Shot Misses the Net.
16:37 of 1st period - Shot by Ondrej Palat.
16:37 of 1st period - Stopped by Anton Khudobin without a rebound.
16:38 of 1st period - Jason Spezza wins face-off versus Sebastian Aho in Senators zone.
16:38 of 1st period - Jason Spezza is hit by Dustin Brown.
17:10 of 1st period - Shot by Sebastian Aho.
17:10 of 1st period - Shot Misses the Net.
17:34 of 1st period - Shot by Eric Staal.
17:34 of 1st period - Shot Misses the Net.
17:56 of 1st period - Shot by Ondrej Palat.
17:56 of 1st period - Shot Misses the Net.
17:58 of 1st period - Shot by Kyle Okposo.
17:58 of 1st period - Stopped by Anton Khudobin without a rebound.
17:59 of 1st period - Valtteri Filppula wins face-off versus Roope Hintz in Senators zone.
18:08 of 1st period - Shot by Roope Hintz.
18:08 of 1st period - Shot Misses the Net.
18:28 of 1st period - Shot by Vladimir Tarasenko.
18:28 of 1st period - Stopped by Braden Holtby without a rebound.
18:29 of 1st period - Alex Galchenyuk wins face-off versus Ondrej Palat in MapleLeafs zone.
18:49 of 1st period - Ondrej Palat is hit by Jakob Chychrun and loses puck.
Goals for this period are 1 for Senators vs 2 for MapleLeafs.
Shots for this period are 11 for Senators vs 12 for MapleLeafs.

2nd period


0:01 of 2nd period - Sebastian Aho wins face-off versus Eric Staal in neutral zone.
0:05 of 2nd period - Shot by Tyler Johnson.
0:05 of 2nd period - Stopped by Anton Khudobin without a rebound.
0:06 of 2nd period - Eric Staal wins face-off versus Sebastian Aho in Senators zone.
0:13 of 2nd period - Shot by Eric Staal.
0:13 of 2nd period - Shot Misses the Net.
0:15 of 2nd period - Shot by Eric Staal.
0:15 of 2nd period - Stopped by Braden Holtby without a rebound.
0:16 of 2nd period - Jay Beagle wins face-off versus Valtteri Filppula in MapleLeafs zone.
1:03 of 2nd period - Off-side.
1:04 of 2nd period - Eric Staal wins face-off versus Tyler Johnson in neutral zone.
2:30 of 2nd period - Icing by Cody Goloubef.
2:31 of 2nd period - Jason Spezza wins face-off versus Jay Beagle in Senators zone.
2:31 of 2nd period - Jason Spezza is hit by Jay Beagle.
3:05 of 2nd period - Shot by Jay Beagle.
3:05 of 2nd period - Stopped by Anton Khudobin with a rebound.
3:28 of 2nd period - Minor Penalty to Jay Beagle for Hooking.
3:29 of 2nd period - Sebastian Aho wins face-off versus Eric Staal in MapleLeafs zone.
3:45 of 2nd period - Alexander Wennberg is hit by Joel Edmundson and loses puck.
4:46 of 2nd period - Shot by Eric Staal.
4:46 of 2nd period - Shot Misses the Net.
5:33 of 2nd period - Vladimir Tarasenko is hit by Ryan Murray and loses puck.
5:39 of 2nd period - Icing by Ryan Murray.
5:40 of 2nd period - Jay Beagle wins face-off versus Paul Byron in MapleLeafs zone.
5:56 of 2nd period - Minor Penalty to Kyle Okposo for Cross-checking.
5:57 of 2nd period - Dustin Brown wins face-off versus Valtteri Filppula in MapleLeafs zone.
5:57 of 2nd period - Dustin Brown is hit by Valtteri Filppula.
7:18 of 2nd period - Shot by Valtteri Filppula.
7:18 of 2nd period - Stopped by Braden Holtby without a rebound.
7:19 of 2nd period - Eric Staal wins face-off versus Sebastian Aho in MapleLeafs zone.
7:22 of 2nd period - Shot by Mark Stone.
7:22 of 2nd period - Stopped by Braden Holtby without a rebound.
7:23 of 2nd period - Valtteri Filppula wins face-off versus Sebastian Aho in MapleLeafs zone.
8:16 of 2nd period - Shot by Ryan Murray.
8:16 of 2nd period - Shot Misses the Net.
8:29 of 2nd period - Shot by Jason Spezza.
8:29 of 2nd period - Deflect By James Neal.
8:29 of 2nd period - Shot Misses the Net.
8:38 of 2nd period - Icing by Ryan Murray.
8:39 of 2nd period - Roope Hintz wins face-off versus Eric Staal in MapleLeafs zone.
9:00 of 2nd period - Shot by Dustin Brown.
9:00 of 2nd period - Shot Misses the Net.
9:12 of 2nd period - Shot by Eric Staal.
9:12 of 2nd period - Stopped by Braden Holtby without a rebound.
9:13 of 2nd period - Alex Galchenyuk wins face-off versus Ondrej Palat in MapleLeafs zone.
9:46 of 2nd period - Minor Penalty to Kyle Okposo for Hooking.
9:47 of 2nd period - Sebastian Aho wins face-off versus Vladislav Namestnikov in MapleLeafs zone.
10:34 of 2nd period - Shot by Eric Staal.
10:34 of 2nd period - Stopped by Braden Holtby without a rebound.
10:35 of 2nd period - Sebastian Aho wins face-off versus Alexander Wennberg in MapleLeafs zone.
11:45 of 2nd period - Shot by Sebastian Aho.
11:45 of 2nd period - Shot Blocked by Robert Hagg.
11:50 of 2nd period - Jesper Bratt is hit by Jani Hakanpaa and loses puck.
12:01 of 2nd period - Shot by Jesper Bratt.
12:01 of 2nd period - Stopped by Anton Khudobin without a rebound.
12:02 of 2nd period - Leo Komarov wins face-off versus Alex Galchenyuk in Senators zone.
12:05 of 2nd period - Shot by Sebastian Aho.
12:05 of 2nd period - Shot Misses the Net.
12:10 of 2nd period - Alex Galchenyuk is hit by Radko Gudas and loses puck.
12:52 of 2nd period - Robert Hagg is hit by Roope Hintz and loses puck.
13:03 of 2nd period - Shot by Valtteri Filppula.
13:03 of 2nd period - Stopped by Braden Holtby without a rebound.
13:04 of 2nd period - Eric Staal wins face-off versus Jay Beagle in MapleLeafs zone.
13:04 of 2nd period - Eric Staal is hit by Joel Edmundson.
13:18 of 2nd period - Shot by Ondrej Palat.
13:18 of 2nd period - Shot Misses the Net.
13:20 of 2nd period - Shot by Joel Edmundson.
13:20 of 2nd period - Deflect By Ondrej Palat.
13:20 of 2nd period - Shot Blocked by Mike Green.
13:31 of 2nd period - Minor Penalty to Ondrej Palat for Tripping.
13:32 of 2nd period - Sebastian Aho wins face-off versus Valtteri Filppula in MapleLeafs zone.
13:57 of 2nd period - Shot by Vladimir Tarasenko.
13:57 of 2nd period - Shot Misses the Net.
13:59 of 2nd period - Shot by Vladislav Namestnikov.
13:59 of 2nd period - Shot Misses the Net.
14:01 of 2nd period - Shot by Justin Falk.
14:01 of 2nd period - Shot Blocked by Jay Beagle.
14:03 of 2nd period - Shot by Justin Falk.
14:03 of 2nd period - Shot Misses the Net.
14:05 of 2nd period - Shot by Valtteri Filppula.
14:05 of 2nd period - Shot Misses the Net.
14:07 of 2nd period - Shot by Valtteri Filppula.
14:07 of 2nd period - Shot Misses the Net.
14:09 of 2nd period - Shot by Vladislav Namestnikov.
14:09 of 2nd period - Stopped by Braden Holtby without a rebound.
14:10 of 2nd period - Eric Staal wins face-off versus Dustin Brown in MapleLeafs zone.
15:18 of 2nd period - Shot by Robert Hagg.
15:18 of 2nd period - Stopped by Braden Holtby with a rebound.
15:45 of 2nd period - Shot by Derek Ryan.
15:45 of 2nd period - Goal by Derek Ryan - Senators : 2 - MapleLeafs : 2.
15:46 of 2nd period - Alex Galchenyuk wins face-off versus Sebastian Aho in neutral zone.
15:55 of 2nd period - Shot by Paul Byron.
15:55 of 2nd period - Stopped by Braden Holtby with a rebound.
15:57 of 2nd period - Shot by Alex Galchenyuk.
15:57 of 2nd period - Shot Blocked by Joel Edmundson.
15:59 of 2nd period - Shot by Cody Goloubef.
15:59 of 2nd period - Shot Misses the Net.
16:01 of 2nd period - Shot by Chris Wagner.
16:01 of 2nd period - Shot Blocked by Dustin Brown.
16:03 of 2nd period - Shot by Chris Wagner.
16:03 of 2nd period - Stopped by Braden Holtby without a rebound.
16:04 of 2nd period - Roope Hintz wins face-off versus Valtteri Filppula in MapleLeafs zone.
16:23 of 2nd period - Shot by Jesper Bratt.
16:23 of 2nd period - Stopped by Anton Khudobin without a rebound.
16:24 of 2nd period - Eric Staal wins face-off versus Sebastian Aho in Senators zone.
16:52 of 2nd period - Sebastian Aho is hit by Jakob Chychrun.
16:56 of 2nd period - Shot by Dustin Brown.
16:56 of 2nd period - Deflect By Sebastian Aho.
16:56 of 2nd period - Stopped by Anton Khudobin without a rebound.
16:57 of 2nd period - Valtteri Filppula wins face-off versus Jay Beagle in Senators zone.
16:57 of 2nd period - Valtteri Filppula is hit by Kyle Okposo.
17:05 of 2nd period - Shot by Jay Beagle.
17:05 of 2nd period - Shot Misses the Net.
17:35 of 2nd period - Minor Penalty to Ondrej Palat for Hooking.
17:36 of 2nd period - Eric Staal wins face-off versus Sebastian Aho in MapleLeafs zone.
17:45 of 2nd period - Shot by Alexander Wennberg.
17:45 of 2nd period - Stopped by Braden Holtby without a rebound.
17:46 of 2nd period - Eric Staal wins face-off versus Sebastian Aho in MapleLeafs zone.
18:13 of 2nd period - Shot by Mike Green.
18:13 of 2nd period - Stopped by Braden Holtby without a rebound.
18:14 of 2nd period - Valtteri Filppula wins face-off versus Sebastian Aho in MapleLeafs zone.
18:31 of 2nd period - Shot by Vladislav Namestnikov.
18:31 of 2nd period - Shot Misses the Net.
18:33 of 2nd period - Shot by Justin Falk.
18:33 of 2nd period - Shot Misses the Net.
18:35 of 2nd period - Shot by Valtteri Filppula.
18:35 of 2nd period - Stopped by Braden Holtby without a rebound.
18:36 of 2nd period - Dustin Brown wins face-off versus Eric Staal in MapleLeafs zone.
19:37 of 2nd period - Shot by Vladislav Namestnikov.
19:37 of 2nd period - Stopped by Braden Holtby without a rebound.
19:38 of 2nd period - Vladimir Tarasenko wins face-off versus Ondrej Palat in MapleLeafs zone.
19:39 of 2nd period - Shot by Vladislav Namestnikov.
19:39 of 2nd period - Stopped by Braden Holtby with a rebound.
19:49 of 2nd period - Shot by Vladimir Tarasenko.
19:49 of 2nd period - Deflect By Vladislav Namestnikov.
19:49 of 2nd period - Shot Misses the Net.
19:55 of 2nd period - Shot by Ondrej Palat.
19:55 of 2nd period - Stopped by Anton Khudobin with a rebound.
19:57 of 2nd period - Shot by Jay Beagle.
19:57 of 2nd period - Stopped by Anton Khudobin without a rebound.
19:58 of 2nd period - Sebastian Aho wins face-off versus Jason Spezza in Senators zone.
19:58 of 2nd period - Dustin Brown is hit by Jani Hakanpaa and loses puck.
Goals for this period are 1 for Senators vs 0 for MapleLeafs.
Shots for this period are 16 for Senators vs 7 for MapleLeafs.

3rd period


0:01 of 3rd period - Eric Staal wins face-off versus Sebastian Aho in neutral zone.
0:15 of 3rd period - Shot by Tyler Johnson.
0:15 of 3rd period - Stopped by Anton Khudobin without a rebound.
0:16 of 3rd period - Valtteri Filppula wins face-off versus Jay Beagle in Senators zone.
0:33 of 3rd period - Shot by Vladimir Tarasenko.
0:33 of 3rd period - Shot Misses the Net.
0:40 of 3rd period - Icing by Mike Matheson.
0:41 of 3rd period - Jay Beagle wins face-off versus Eric Staal in MapleLeafs zone.
0:41 of 3rd period - Jay Beagle is hit by Mark Stone.
0:58 of 3rd period - Icing by Mike Green.
0:59 of 3rd period - Eric Staal wins face-off versus Sebastian Aho in Senators zone.
1:19 of 3rd period - Off-side.
1:20 of 3rd period - Roope Hintz wins face-off versus Valtteri Filppula in neutral zone.
1:25 of 3rd period - Shot by Jesper Bratt.
1:25 of 3rd period - Stopped by Anton Khudobin without a rebound.
1:26 of 3rd period - Tyler Johnson wins face-off versus Valtteri Filppula in Senators zone.
1:49 of 3rd period - Shot by Dustin Brown.
1:49 of 3rd period - Shot Misses the Net.
1:51 of 3rd period - Shot by Sebastian Aho.
1:51 of 3rd period - Shot Misses the Net.
1:53 of 3rd period - Shot by Tyler Johnson.
1:53 of 3rd period - Shot Blocked by Justin Falk.
1:55 of 3rd period - Shot by Tyler Johnson.
1:55 of 3rd period - Stopped by Anton Khudobin without a rebound.
1:56 of 3rd period - Ondrej Palat wins face-off versus Eric Staal in Senators zone.
2:01 of 3rd period - Shot by Kyle Okposo.
2:01 of 3rd period - Stopped by Anton Khudobin without a rebound.
2:02 of 3rd period - Jay Beagle wins face-off versus Eric Staal in Senators zone.
2:03 of 3rd period - Shot by Ondrej Palat.
2:03 of 3rd period - Shot Misses the Net.
2:41 of 3rd period - Off-side.
2:42 of 3rd period - Sebastian Aho wins face-off versus Valtteri Filppula in neutral zone.
2:42 of 3rd period - Dustin Brown is hit by Vladislav Namestnikov and loses puck.
2:57 of 3rd period - Shot by Sebastian Aho.
2:57 of 3rd period - Deflect By Tyler Johnson.
2:57 of 3rd period - Stopped by Anton Khudobin without a rebound.
2:58 of 3rd period - Roope Hintz wins face-off versus Jason Spezza in Senators zone.
3:32 of 3rd period - Shot by Derek Ryan.
3:32 of 3rd period - Shot Misses the Net.
4:57 of 3rd period - Icing by Justin Falk.
4:58 of 3rd period - Jay Beagle wins face-off versus Valtteri Filppula in Senators zone.
6:20 of 3rd period - Icing by Cody Ceci.
6:21 of 3rd period - Alex Galchenyuk wins face-off versus Leo Komarov in MapleLeafs zone.
6:22 of 3rd period - Shot by Jakob Chychrun.
6:22 of 3rd period - Stopped by Braden Holtby without a rebound.
6:23 of 3rd period - Roope Hintz wins face-off versus Eric Staal in MapleLeafs zone.
7:58 of 3rd period - Icing by Anton Stralman.
7:59 of 3rd period - Sebastian Aho wins face-off versus Alex Galchenyuk in MapleLeafs zone.
8:48 of 3rd period - Vladimir Tarasenko is hit by Mike Matheson and loses puck.
9:07 of 3rd period - Minor Penalty to Joel Edmundson for Interference.
9:08 of 3rd period - Eric Staal wins face-off versus Sebastian Aho in MapleLeafs zone.
9:17 of 3rd period - Shot by Mike Green.
9:17 of 3rd period - Stopped by Braden Holtby without a rebound.
9:18 of 3rd period - Sebastian Aho wins face-off versus Eric Staal in MapleLeafs zone.
9:18 of 3rd period - Sebastian Aho is hit by Mark Stone.
9:46 of 3rd period - Shot by Mark Stone.
9:46 of 3rd period - Stopped by Braden Holtby without a rebound.
9:47 of 3rd period - Valtteri Filppula wins face-off versus Sebastian Aho in MapleLeafs zone.
9:48 of 3rd period - Shot by Vladimir Tarasenko.
9:48 of 3rd period - Stopped by Braden Holtby with a rebound.
9:50 of 3rd period - Shot by Mike Green.
9:50 of 3rd period - Shot Misses the Net.
9:59 of 3rd period - Shot by Vladislav Namestnikov.
9:59 of 3rd period - Stopped by Braden Holtby with a rebound.
10:01 of 3rd period - Shot by Valtteri Filppula.
10:01 of 3rd period - Shot Misses the Net.
10:03 of 3rd period - Shot by Valtteri Filppula.
10:03 of 3rd period - Stopped by Braden Holtby with a rebound.
10:05 of 3rd period - Shot by Jakob Chychrun.
10:05 of 3rd period - Shot Blocked by Mike Matheson.
10:07 of 3rd period - Shot by Vladislav Namestnikov.
10:07 of 3rd period - Shot Misses the Net.
10:09 of 3rd period - Shot by Vladislav Namestnikov.
10:09 of 3rd period - Shot Misses the Net.
10:11 of 3rd period - Shot by Vladislav Namestnikov.
10:11 of 3rd period - Shot Misses the Net.
10:13 of 3rd period - Shot by Vladislav Namestnikov.
10:13 of 3rd period - Stopped by Braden Holtby without a rebound.
10:14 of 3rd period - Dustin Brown wins face-off versus Eric Staal in MapleLeafs zone.
11:27 of 3rd period - Shot by Kyle Okposo.
11:27 of 3rd period - Shot Hit the Post.
11:31 of 3rd period - Shot by Ondrej Palat.
11:31 of 3rd period - Shot Misses the Net.
11:59 of 3rd period - Shot by Jesper Bratt.
11:59 of 3rd period - Stopped by Anton Khudobin without a rebound.
12:00 of 3rd period - Eric Staal wins face-off versus Sebastian Aho in Senators zone.
13:06 of 3rd period - Shot by Vladimir Tarasenko.
13:06 of 3rd period - Shot Misses the Net.
13:08 of 3rd period - Shot by Vladislav Namestnikov.
13:08 of 3rd period - Shot Misses the Net.
13:10 of 3rd period - Shot by Vladislav Namestnikov.
13:10 of 3rd period - Stopped by Braden Holtby without a rebound.
13:11 of 3rd period - Alex Galchenyuk wins face-off versus Jay Beagle in MapleLeafs zone.
13:11 of 3rd period - Chris Wagner is hit by Radko Gudas and loses puck.
13:30 of 3rd period - Alex Galchenyuk is hit by Radko Gudas and loses puck.
13:45 of 3rd period - Kyle Okposo is hit by Jani Hakanpaa and loses puck.
14:01 of 3rd period - Shot by Dustin Brown.
14:01 of 3rd period - Shot Misses the Net.
14:03 of 3rd period - Shot by Dustin Brown.
14:03 of 3rd period - Stopped by Anton Khudobin without a rebound.
14:04 of 3rd period - Eric Staal wins face-off versus Jesper Bratt in Senators zone.
14:09 of 3rd period - Cody Ceci is hit by Eric Staal and loses puck.
14:18 of 3rd period - Shot by Eric Staal.
14:18 of 3rd period - Shot Misses the Net.
14:20 of 3rd period - Shot by Jakob Chychrun.
14:20 of 3rd period - Shot Misses the Net.
14:22 of 3rd period - Shot by Jakob Chychrun.
14:22 of 3rd period - Shot Misses the Net.
14:34 of 3rd period - Shot by Alexander Wennberg.
14:34 of 3rd period - Shot Misses the Net.
14:54 of 3rd period - Mark Stone is hit by Roope Hintz and loses puck.
15:01 of 3rd period - Jesper Bratt is hit by Alexander Wennberg.
15:27 of 3rd period - Shot by Tyler Johnson.
15:27 of 3rd period - Stopped by Anton Khudobin with a rebound.
15:33 of 3rd period - Shot by Mike Matheson.
15:33 of 3rd period - Stopped by Anton Khudobin with a rebound.
15:34 of 3rd period - Minor Penalty to Dustin Brown for Hooking.
15:34 of 3rd period - Minor Penalty to Justin Falk for Roughing.
15:35 of 3rd period - Jason Spezza wins face-off versus Sebastian Aho in Senators zone.
15:52 of 3rd period - Shot by Sebastian Aho.
15:52 of 3rd period - Stopped by Anton Khudobin without a rebound.
15:53 of 3rd period - Eric Staal wins face-off versus Sebastian Aho in Senators zone.
16:00 of 3rd period - Shot by Sebastian Aho.
16:00 of 3rd period - Shot Misses the Net.
16:04 of 3rd period - Shot by Sebastian Aho.
16:04 of 3rd period - Stopped by Anton Khudobin with a rebound.
16:41 of 3rd period - Icing by Jay Beagle.
16:42 of 3rd period - Jay Beagle wins face-off versus Vladimir Tarasenko in MapleLeafs zone.
16:57 of 3rd period - Shot by Tyler Johnson.
16:57 of 3rd period - Shot Misses the Net.
16:59 of 3rd period - Shot by Joel Edmundson.
16:59 of 3rd period - Stopped by Anton Khudobin without a rebound.
17:00 of 3rd period - Sebastian Aho wins face-off versus Jason Spezza in Senators zone.
17:05 of 3rd period - Shot by Sebastian Aho.
17:05 of 3rd period - Shot Misses the Net.
17:07 of 3rd period - Shot by Sebastian Aho.
17:07 of 3rd period - Deflect By Ondrej Palat.
17:07 of 3rd period - Shot Misses the Net.
17:15 of 3rd period - Shot by Ondrej Palat.
17:15 of 3rd period - Deflect By Sebastian Aho.
17:15 of 3rd period - Stopped by Anton Khudobin without a rebound.
17:16 of 3rd period - Jason Spezza wins face-off versus Sebastian Aho in Senators zone.
17:29 of 3rd period - Shot by Jason Spezza.
17:29 of 3rd period - Shot Blocked by Joel Edmundson.
17:46 of 3rd period - Icing by Jani Hakanpaa.
17:47 of 3rd period - Valtteri Filppula wins face-off versus Jesper Bratt in Senators zone.
17:59 of 3rd period - Vladimir Tarasenko is hit by Radko Gudas and loses puck.
18:03 of 3rd period - Icing by Radko Gudas.
18:04 of 3rd period - Jason Spezza wins face-off versus Roope Hintz in MapleLeafs zone.
18:15 of 3rd period - Shot by Jack Hughes.
18:15 of 3rd period - Shot Misses the Net.
18:25 of 3rd period - Shot by Jesper Bratt.
18:25 of 3rd period - Stopped by Anton Khudobin without a rebound.
18:26 of 3rd period - Sebastian Aho wins face-off versus Valtteri Filppula in Senators zone.
18:46 of 3rd period - Shot by Vladislav Namestnikov.
18:46 of 3rd period - Goal by Vladislav Namestnikov - Senators : 3 - MapleLeafs : 2.
18:47 of 3rd period - Alexander Wennberg wins face-off versus Jay Beagle in neutral zone.
19:00 of 3rd period - MapleLeafs, Braden Holtby is pulled from the net.
19:22 of 3rd period - Shot by Kyle Okposo.
19:22 of 3rd period - Stopped by Anton Khudobin without a rebound.
19:23 of 3rd period - Eric Staal wins face-off versus Sebastian Aho in Senators zone.
19:58 of 3rd period - Shot by Tyler Johnson.
19:58 of 3rd period - Shot Misses the Net.
Goals for this period are 1 for Senators vs 0 for MapleLeafs.
Shots for this period are 9 for Senators vs 15 for MapleLeafs.